 Dungeon Crawl Stone Soup version 0.15-a0-225-ga4013df (webtiles) character file.

60 PolkaDot the Caller (level 3, -3/25 HPs)
             Began as a Vampire Summoner on Apr 25, 2014.
             Slain by a gnoll
             ... wielding a +0,+0 spear
              (11 damage)
             ... on Level 2 of the Dungeon.
             The game lasted 00:06:35 (1740 turns).

PolkaDot the Caller (Vampire Summoner)              Turns: 1740, Time: 00:06:36

HP  -3/25        AC  2     Str  7      XL: 3   Next:  0%
MP   2/6         EV 12     Int 18      God:
Gold 32          SH  0     Dex 14      Spells:  1 memorised,  5 levels left

rFire  . . .     SeeInvis +     h - +0 short sword
rCold  . . .     Clarity  .     a - +0 robe
rNeg   . . .     Conserve .     (no shield)
rPois  .         rCorr    .     (no helmet)
rElec  .         rRot     .     (no cloak)
SustAb . .       Spirit   .     (no gloves)
rMut   .         Warding  .     (no boots)
Saprov . . .     Stasis   .     (no amulet)
MR     .....                    (no ring)
                                (no ring)

@: regenerating quickly, very slightly contaminated, hasted, very quick, not
resistant to hostile enchantments, stealthy
A: fangs 3, see invisible, unbreathing
a: no special abilities


You were on level 2 of the Dungeon.
You were full.

You visited 1 branch of the dungeon, and saw 2 of its levels.

You collected 32 gold pieces.

Inventory:

Hand weapons
 h - a +0,+0 short sword (weapon)
Armour
 a - a +0 robe (worn)
Scrolls
 d - 2 scrolls of identify {unknown}
 e - a scroll of noise {unknown}
 g - a scroll of teleportation {unknown}
 i - a scroll of amnesia {unknown}
Potions
 c - a potion of magic {unknown}
 f - a potion of confusion {unknown}
 j - a potion of haste
Books
 b - a book of Callings

   Spells                             Type                      Level
   *Summon Small Mammal               Summoning                    1
   Call Imp                           Summoning                    2
   Call Canine Familiar               Summoning                    3
   Summon Guardian Golem              Hexes/Summoning              4
   Summon Lightning Spire             Summoning/Air                4
   Summon Ice Beast                   Ice/Summoning                4


   Skills:
 + Level 0.8 Fighting
 - Level 2.1 Dodging
 - Level 3.0 Stealth
 - Level 2.0 Spellcasting
 * Level 4.8 Summonings


You had 5 spell levels left.
You knew the following spells:

 Your Spells              Type           Power        Failure   Level  Hunger
a - Summon Small Mammal   Summ           ###.         2%          1    #......


Dungeon Overview and Level Annotations

Branches:
Dungeon (2/15)

Altars:

Annotations:
D:2 1 exclusion


Innate Abilities, Weirdness & Mutations

Your natural rate of healing is unusually fast.
You have razor-sharp teeth.*
You have supernaturally acute eyesight.
You can survive without breathing.*


Message History

The gnoll hits you with a club.
Your quokka bites the gnoll.
You hit the gnoll.
The gnoll is moderately wounded.
The gnoll barely misses you.
You hit the gnoll.
The gnoll is moderately wounded.
The gnoll misses you.
Your quokka bites the gnoll.
The gnoll hits you with a club. The gnoll hits you with a spear.
You hit the gnoll.
The gnoll is heavily wounded.
Your quokka bites the gnoll.
The gnoll barely misses you. The gnoll closely misses you.
You hit the gnoll.
The gnoll is heavily wounded.
The gnoll hits you with a spear.
Your quokka completely misses the gnoll.
You barely miss the gnoll.
The gnoll is heavily wounded.
The gnoll barely misses you. The gnoll hits you with a spear!
You die...

#......# #..?.....+
###.##...... +<.......#
#..# #### #.....g..# ##.##
#g### #.(# #...# #####'####
#########.### #........#
#...........#
+.....(..######...........#
#........'...[#.@g........#
#......).####..%gg........#
#........# ###.r.........#
#........# #...........#
#........# #############
#........# #########


You could see 3 gnolls and a friendly quokka.

Vanquished Creatures
  A bat (D:2)
  2 giant cockroaches (D:1)
  6 hobgoblins
  2 jackals (D:1)
  3 goblins
  4 kobolds
  A quokka (D:2)
  5 rats
24 creatures vanquished.

Vanquished Creatures (collateral kills)
  2 bats (D:1)
  A goblin (D:1)
  A kobold (D:1)
  A rat (D:1)
5 creatures vanquished.

Vanquished Creatures (others)
  A bat (D:2)
  2 quokkas (D:2)
3 creatures vanquished.

Grand Total: 32 creatures vanquished

Notes
Turn   | Place    | Note
--------------------------------------------------------------
     0 | D:1      | PolkaDot, the Vampire Summoner, began the quest for the Orb.
     0 | D:1      | Reached XP level 1. HP: 13/13 MP: 3/3
   684 | D:1      | Reached XP level 2. HP: 16/19 MP: 4/4
  1703 | D:2      | Reached XP level 3. HP: 22/25 MP: 6/6
  1740 | D:2      | Slain by a gnoll

Action                   || total
-------------------------++-------
Melee: Unarmed           ||    12
       Short sword       ||    84
       Club              ||     7
 Cast: Summon Small Mamm ||     7
  Use: Potion            ||     2
 Stab: Sleeping          ||     6
